 Dungeon Crawl Stone Soup version 0.31-a0-265-gcf7e37af1d (webtiles) character file.

Game seed: 5350680988855112658

118 qw the Shooter (level 4, -1/37 HPs)
             Began as a Minotaur Hexslinger on July 13, 2023.
             Slain by a gnoll
             ... wielding a +0 halberd
              (12 damage)
             ... on level 3 of the Dungeon.
             The game lasted 00:00:47 (2422 turns).

qw the Shooter (Minotaur Hexslinger)                Turns: 2422, Time: 00:00:47

Health: -1/37      AC:  4    Str: 12    XL:     4   Next: 72%
Magic:  4/4        EV: 12    Int: 10    God:
Gold:   154        SH:  0    Dex: 15    Spells: 4/5 levels left

rFire   . . .        Y - +1 sling
rCold   . . .        (no shield)
rNeg    . . .        d - +0 leather armour
rPois   .            (helmet restricted)
rElec   .            (no cloak)
rCorr   .            i - +0 pair of gloves
SInv    .            (no boots)
Will    .....        (no amulet)
Stlth   +            (no ring)
HPRegen 0.26/turn    (no ring)
MPRegen 0.09/turn

%: no passive effects
@: no status effects
A: horns 2, retaliatory headbutt
a: no special abilities


You were on level 3 of the Dungeon.
You visited 1 branch of the dungeon, and saw 3 of its levels.

You collected 154 gold pieces.


Innate Abilities, Weirdness & Mutations

You have a pair of horns on your head.
You reflexively headbutt those who attack you in melee.


   Skills:
 + Level 2.7 Fighting
 - Level 5.0 Ranged Weapons
 - Level 2.1 Dodging
 - Level 1.0 Spellcasting
 - Level 2.0 Hexes


You had 4 spell levels left.
You knew the following spells:

 Your Spells              Type           Power      Damage    Failure   Level
a - Slow                  Hex            16%        N/A       19%         1

Your spell library contained the following spells:

 Spells                   Type           Power      Damage    Failure   Level
 Inner Flame              Hex/Fire       2%         N/A       65%         3
 Portal Projectile        Hex/Tloc       4%         N/A       65%         3
 Cause Fear               Hex            2%         N/A       88%         4

Inventory:

Hand Weapons
 Y - a +1 sling (weapon)
Armour
 d - a +0 leather armour (worn)
 f - a +0 robe of willpower
 i - a +0 pair of gloves (worn)
Scrolls
 a - a scroll of identify
Potions
 b - a potion of attraction {unknown}
 c - a potion of haste {unknown}
 e - a potion of invisibility {unknown}
 g - 2 potions of curing

Dungeon Overview and Level Annotations

Branches:
Dungeon (3/15)

Altars:
Cheibriados


Message History

You shoot a sling bullet. The sling bullet hits the gnoll.
The gnoll shouts!
The gnoll is moderately wounded.
You shoot a sling bullet.
The sling bullet barely misses the gnoll.
The gnoll hits you from afar with a +0 halberd!
A gnoll comes into view. It is wielding a +0 flail.
The gnoll misses you.
2412 ||| Stepping ~*~*~tactically~*~*~ (outnumbered).
You shoot a sling bullet. The sling bullet hits the gnoll.
The gnoll is heavily wounded.
You shoot a sling bullet. The sling bullet hits the gnoll.
The gnoll is moderately wounded.
You shoot a sling bullet. The sling bullet hits the gnoll.
The gnoll is heavily wounded.
You shoot a sling bullet.
The sling bullet barely misses the gnoll.
The gnoll barely misses you.
You shoot a sling bullet. The sling bullet hits the gnoll.
The gnoll is severely wounded.
The gnoll closely misses you. The gnoll hits you with a +0 flail!
The gnoll hits you with a +0 flail. The gnoll closely misses you.
You shoot a sling bullet. The sling bullet hits the gnoll.
You kill the gnoll!
The gnoll barely misses you.
You shoot a sling bullet. The sling bullet hits the gnoll.
The gnoll is heavily wounded.
The gnoll closely misses you.
You shoot a sling bullet.
The sling bullet barely misses the gnoll.
The gnoll misses you.
You shoot a sling bullet.
The sling bullet hits the gnoll but does no damage.
The gnoll is heavily wounded.
The gnoll hits you from afar with a +0 halberd.
You shoot a sling bullet.
The sling bullet barely misses the gnoll.
The gnoll barely misses you.
The gnoll hits you from afar with a +0 halberd!
You die...

..# #.# #. #.# #.
#.# ## ##.###.# ...
....#.###.#
#..#..#..g.g.#
#.....#.)#
###....#.@#
..........#
####..##.###
..........#
#########..##.#.#
#...# #.....#.#
###...######.####.#
#.................#
#.#...######.######


You could see a gnoll.

Vanquished Creatures
  Natasha (D:2)
  2 adders
  A gnoll (D:3)
  4 worms
  5 dart slugs
  5 ball pythons
  4 endoplasms
  2 giant cockroaches (D:2)
  A goblin (D:3)
  6 hobgoblins
  3 quokkas
  4 bats
  2 frilled lizards
  3 kobolds
  3 rats (D:2)
46 creatures vanquished.

Notes
Turn   | Place    | Note
-------+----------+-------------------------------------------
     0 | D:1      | qw the Minotaur Hexslinger began the quest for the Orb.
     0 | D:1      | Reached XP level 1. HP: 16/16 MP: 1/1
     0 | D:1      | 0 ||| qw: Version: 0.3-a-52-g30416fa
     0 | D:1      | 0 ||| qw: Game counter: 7607
     0 | D:1      | 0 ||| qw: Melee chars always use a shield: true
     0 | D:1      | 0 ||| qw: God list: Okawaru
     0 | D:1      | 0 ||| qw: Allow faded altars: false
     0 | D:1      | 0 ||| qw: Do Orc after clearing Dungeon:15 true
     0 | D:1      | 0 ||| qw: Do second Lair branch before Depths: true
     0 | D:1      | 0 ||| qw: Lair rune preference: random
     0 | D:1      | 0 ||| qw: Goals: Normal
     0 | D:1      | 0 ||| PLANNING D:1-11
   370 | D:1      | Reached skill level 3 in Ranged Weapons
   371 | D:1      | Reached XP level 2. HP: 23/23 MP: 2/2
   435 | D:1      | 435 ||| FLEEEEING.
   810 | D:1      | 810 ||| UPGRADING to +0 leather armour.
   820 | D:1      | 820 ||| DROPPING +0 robe.
   821 | D:1      | 821 ||| UPGRADING to +0 pair of gloves.
   826 | D:1      | 826 ||| READING 3 scrolls labelled BUOQO KAKKUACE.
   827 | D:1      | 827 ||| READING scroll labelled UDDA NUVVU.
   831 | D:1      | 831 ||| READING 2 scrolls of identify.
   831 | D:1      | 831 ||| IDENTIFYING lumpy cyan potion
   832 | D:1      | 832 ||| DROPPING scroll of poison.
   833 | D:1      | 833 ||| DROPPING potion of berserk rage.
  1065 | D:2      | You fall into a shaft and drop 1 floor!
  1092 | D:2      | Reached XP level 3. HP: 29/29 MP: 3/3
  1224 | D:2      | Found a snail-covered altar of Cheibriados.
  1355 | D:2      | Found a faded altar of an unknown god.
  1422 | D:2      | Reached skill level 4 in Ranged Weapons
  1684 | D:2      | Noticed Natasha
  1688 | D:2      | Killed Natasha
  1689 | D:2      | Reached XP level 4. HP: 36/36 MP: 4/4
  1827 | D:2      | 1827 ||| READING scroll labelled LATEGE EPNAE.
  1828 | D:2      | 1828 ||| READING scroll labelled QAWAARCHULAE.
  1829 | D:2      | 1829 ||| READING scroll labelled UJURPH YVEIF WYRE.
  1830 | D:2      | 1830 ||| DRINKING 2 yellow potions.
  1852 | D:3      | 1852 ||| STAIRDANCE
  2194 | D:3      | Reached skill level 5 in Ranged Weapons
  2412 | D:3      | 2412 ||| Stepping ~*~*~tactically~*~*~ (outnumbered).
  2422 | D:3      | Slain by a gnoll

Levels and vault maps discovered:
D:1:      matt_arrival_refuge, layout_basic
D:2:      layout_loops_corners, hellmonk_ecumenical_altar_inner_sanctum,
          basic_altar, uniq_natasha
D:3:      layout_basic, minmay_misc_feat_room

Skill      XL: |  1  2  3  4 |
---------------+-------------+-----
Ranged Weapons | 3 4 5 |  5.0
Fighting       | 2 |  2.7
Dodging        | |  2.1
Spellcasting   | |  1.0
Hexes          | |  2.0

Action                     |  1- 3 |  4- 6 || total
---------------------------+-------+-------++-------
   Fire: Sling             |   104 |    79 ||   183
    Use: Scroll            |     3 |     3 ||     6
         Potion            |       |     1 ||     1
 Armour: Leather armour    |    16 |    10 ||    26
  Dodge: Dodged            |    41 |    22 ||    63

Table legend:
 A = Non-vault XP
 B = Vault XP
 C = Vault XP percentage of total XP
 D = Non-vault monster count
 E = Vault monster count
 F = Vault count percentage of total count
                 A         B        C        D         E       F
            +---------+---------+-------+---------+---------+-------
      Total |     133 |      36 |  21.3 |      45 |       1 |   2.2
            +---------+---------+-------+---------+---------+-------
        D:1 |      18 |       0 |   0.0 |       8 |       0 |   0.0
        D:2 |      62 |      36 |  36.7 |      24 |       1 |   4.0
        D:3 |      53 |       0 |   0.0 |      13 |       0 |   0.0
            +---------+---------+-------+---------+---------+-------
